 Dungeon Crawl Stone Soup version 0.24-a0-412-ge138f7edaf (webtiles) character file.

Game seed: 4722772170391392005

67 Kuinu the Skirmisher (level 4, 0/61 HPs)
             Began as a Minotaur Berserker on June 6, 2019.
             Was a Believer of Trog.
             Slain by a river rat (6 damage)
             ... on level 3 of the Dungeon.
             The game lasted 00:03:36 (1344 turns).

Kuinu the Skirmisher (Minotaur Berserker)           Turns: 1344, Time: 00:03:38

Health: 0/61       AC:  9    Str: 27    XL:     4   Next: 0%
Magic:  3/3        EV:  9    Int:  9    God:    Trog [**....]
Gold:   192        SH:  0    Dex: 10    Spells: 3/3 levels left

rFire    . . .     SeeInvis .   a - +0 hand axe
rCold    . . .     Gourm    .   (no shield)
rNeg     . . .     Faith    .   o - +0 chain mail
rPois    .         Spirit   .   h - +0 hat
rElec    .         Reflect  .   (no cloak)
rCorr    .         Harm     .   (no gloves)
MR       .....                  (no boots)
Stlth    ..........             (no amulet)
HPRegen  0.20/turn              e - +5 ring of intelligence
MPRegen  0.08/turn              k - +5 ring of slaying

@: berserking, slow
A: retaliatory headbutt, horns 2
a: Berserk, Trog's Hand, Renounce Religion


You were on level 3 of the Dungeon.
You worshipped Trog.
Trog was pleased with you.
You were very hungry.

You visited 1 branch of the dungeon, and saw 3 of its levels.

You collected 192 gold pieces.

Inventory:

Hand Weapons
 a - a +0 hand axe (weapon)
Armour
 b - a +0 animal skin
 h - a +0 hat (worn)
 j - a +0 ring mail
 o - a +0 chain mail (worn)
Jewellery
 e - a +5 ring of intelligence (left hand)
 k - a +5 ring of slaying (right hand)
 q - an uncursed ring of flight {unknown}
Wands
 l - a wand of polymorph (3)
Scrolls
 f - 8 scrolls of identify {unknown}
 m - a scroll of immolation {unknown}
 n - a scroll of enchant armour {unknown}
 p - a scroll of teleportation {unknown}
Potions
 g - a potion of degeneration {unknown}
 i - a potion of haste {unknown}
Comestibles
 c - 4 rations
 d - 9 chunks of flesh


   Skills:
 * Level 4.4 Fighting
 * Level 4.4 Axes
 * Level 3.3 Armour
 + Level 2.6 Dodging


You had 3 spell levels left.
You didn't know any spells.
Your spell library was empty.

Dungeon Overview and Level Annotations

Branches:
Dungeon (3/15)

Altars:


Innate Abilities, Weirdness & Mutations

You reflexively headbutt those who attack you in melee.
You have a pair of horns on your head.


Message History

You see here an adder skeleton.
There isn't anything to butcher here.
You feel sick.
A river rat comes into view.
You feel sick.
You hit the river rat. Your headbutt misses the river rat.
The river rat is lightly wounded.
The river rat bites you.
* * * LOW HITPOINT WARNING * * *
You barely miss the river rat.
The river rat is lightly wounded.
The river rat bites you.
* * * LOW HITPOINT WARNING * * *
A red film seems to cover your vision as you go berserk!
You feel yourself moving faster!
You feel mighty!
You are feeling very hungry.
You feel sick.
You are no longer poisoned.
The river rat bites you.
You die...

#... #...##................
#... #................#.##
.... #......(....#[...#.###.
..........................
#...#.....#.#..##......####
####...#...###.#..##......####
............ ....>............
#......############...##..####
#......#≈≈≈#≈@r≈≈≈#...##..#
#.....≈#≈#÷#≈######... #..#
#....≈#≈#≈#≈#≈≈≈≈#... #..#
#...≈≈≈≈#≈≈≈≈≈# ######..####
......≈#≈#≈##### #...........
##$...≈≈≈#≈≈ #.####..####
##....#≈### #.# #..# #...≈≈≈#
#.####..# ##...≈≈## ###
#.......#


You could see a river rat.

Vanquished Creatures
  2 adders (D:3)
  An ooze (D:2)
  A worm (D:3)
  A leopard gecko (D:3)
  A ball python (D:1)
  A giant cockroach (D:1)
  6 goblins
  4 hobgoblins
  4 jackals (D:1)
  6 bats
  3 frilled lizards
  3 kobolds
  10 rats
43 creatures vanquished.

Notes
Turn   | Place    | Note
-------+----------+-------------------------------------------
     0 | D:1      | Kuinu the Minotaur Berserker began the quest for the Orb.
     0 | D:1      | Reached XP level 1. HP: 19/19 MP: 0/0
   343 | D:1      | Reached XP level 2. HP: 27/27 MP: 1/1
   750 | D:2      | Reached ** piety under Trog
   755 | D:2      | Reached XP level 3. HP: 33/33 MP: 2/2
  1333 | D:3      | Reached XP level 4. HP: 18/41 MP: 3/3
  1344 | D:3      | Slain by a river rat

Levels and vault maps discovered:
D:1:      dpeg_arrival_radiant, layout_basic, serial_curves, eino_curves_03,
          eino_curves_02, minmay_misc_feat_square
D:2:      layout_rooms, first_ration
D:3:      layout_basic, lemuel_round_altar, lightli_sewer_entry_pipes,
          uniq_crazy_yiuf_cottage

Skill      XL: |  1  2 |
---------------+-------+-----
Fighting       | 4 |  4.4
Axes           | 4 |  4.4
Armour         | 3 |  3.3
Dodging        | |  2.6

Action                   |  1- 3 |  4- 6 || total
-------------------------+-------+-------++-------
Melee: Hand axe          |    86 |     2 ||    88
       Headbutt          |    10 |       ||    10
Invok: Berserk           |       |     1 ||     1
  Eat: Chunk             |     1 |       ||     1
Armor: Animal skin       |    10 |       ||    10
       Chain mail        |    15 |       ||    15
       Ring mail         |     2 |       ||     2
Dodge: Dodged            |    47 |       ||    47

Table legend:
 A = Non-vault XP
 B = Vault XP
 C = Vault XP percentage of total XP
 D = Non-vault monster count
 E = Vault monster count
 F = Vault count percentage of total count
                 A         B        C        D         E       F
            +---------+---------+-------+---------+---------+-------
      Total |      79 |      18 |  18.6 |      41 |       2 |   4.7
            +---------+---------+-------+---------+---------+-------
        D:1 |      31 |       0 |   0.0 |      21 |       0 |   0.0
        D:2 |      23 |       0 |   0.0 |      12 |       0 |   0.0
        D:3 |      25 |      18 |  41.9 |       8 |       2 |  20.0
            +---------+---------+-------+---------+---------+-------
